 Dungeon Crawl Stone Soup version 0.28-a0-819-g6ef7baa362 (webtiles) character file.

Game seed: 5597485228786943400

100 bande the Covered (level 4, -4/43 HPs)
             Began as a Gargoyle Fighter on Nov 8, 2021.
             Slain by Crazy Yiuf (9 damage)
             ... on level 2 of the Dungeon.
             The game lasted 00:02:32 (2851 turns).

bande the Covered (Gargoyle Fighter)                Turns: 2851, Time: 00:02:32

Health: -4/43      AC: 10    Str: 21    XL:     4   Next: 73%
Magic:  3/4        EV:  9    Int:  8    God:
Gold:   83         SH:  4    Dex:  9    Spells: 2/3 levels left

rFire   . . .      SeeInvis .   a - +0 war axe
rCold   . . .      Faith    .   c - +0 buckler
rNeg    + . .      Spirit   .   b - +0 scale mail
rPois   ∞          Reflect  .   (no helmet)
rElec   +          Harm     .   (no cloak)
rCorr   .          Rampage  .   (no gloves)
Will    .....                   (no boots)
Stlth   ..........              (no amulet)
HPRegen 0.14/turn               (no ring)
MPRegen 0.09/turn               (no ring)

@: mighty, berserking, hasted, very quick
A: sickness immunity, AC +3, negative energy resistance 1, electricity
resistance, torment resistance 1, petrification resistance
a: no special abilities


You were on level 2 of the Dungeon.
You visited 1 branch of the dungeon, and saw 2 of its levels.

You collected 83 gold pieces.

Inventory:

Hand Weapons
 a - a +0 war axe (weapon)
Armour
 b - a +0 scale mail (worn)
 c - a +0 buckler (worn)
Scrolls
 e - 2 scrolls of identify {unknown}
 f - a scroll of enchant armour {unknown}
 g - a scroll of fear {unknown}
 h - a scroll of torment {unknown}
 i - a scroll of summoning {unknown}
 j - a scroll of blinking {unknown}
 k - a scroll of teleportation {unknown}
 l - 3 scrolls of fog {unknown}
 n - a scroll of acquirement {unknown}


   Skills:
 + Level 3.6 Fighting
 + Level 2.7 Axes
 + Level 4.5 Armour
 + Level 3.4 Shields
 * Level 0.8 Translocations


You had 2 spell levels left.
You knew the following spells:

 Your Spells              Type           Power      Damage    Failure   Level
a - Apportation           Tloc           2%         N/A       65%         1

Your spell library contained the following spells:

 Spells                   Type           Power      Damage    Failure   Level
 Animate Skeleton         Necr           0%         N/A       77%         1
 Summon Small Mammal      Summ           0%         N/A       77%         1


Dungeon Overview and Level Annotations

Branches:
Dungeon (2/15)

Altars:

Annotations:
D:2 Crazy Yiuf


Innate Abilities, Weirdness & Mutations

You are immune to sickness and miasma.
Your stone body is resilient. (AC +3)
You are immune to poison.
You resist negative energy. (rN+)
You are resistant to electric shocks. (rElec)
You are resistant to unholy torment.
You are immune to petrification.


Message History

Crazy Yiuf screams, "Snoogle!"
Found 17 arrows.
You see here 17 arrows.
You see here 19 arrows.
You open the door.
Found a stone staircase leading up.
There is a stone staircase leading down here.
Found a stone staircase leading up.
You now have 83 gold pieces (gained 18).
There is a stone staircase leading down here.
Could not explore, unopened runed door.
You open the door. You slash Crazy Yiuf!
Crazy Yiuf is heavily wounded.
Crazy Yiuf hits you with a +2 quarterstaff of chaos.
You closely miss Crazy Yiuf.
Crazy Yiuf is heavily wounded.
Crazy Yiuf hits you with a +2 quarterstaff of chaos.
You feel your power leaking away.
You closely miss Crazy Yiuf.
Crazy Yiuf is moderately wounded.
Crazy Yiuf hits you with a +2 quarterstaff of chaos!
Crazy Yiuf freezes you.
Crazy Yiuf hits you with a +2 quarterstaff of chaos.
* * * LOW HITPOINT WARNING * * *
Crazy Yiuf freezes you.
* * * LOW HITPOINT WARNING * * *
It was a potion of haste.
You feel yourself speed up. Crazy Yiuf barely misses you.
You feel very mighty all of a sudden.
You hit Crazy Yiuf.
Crazy Yiuf is severely wounded.
Crazy Yiuf hits you with a +2 quarterstaff of chaos.
* * * LOW HITPOINT WARNING * * *
A red film seems to cover your vision as you go berserk!
You feel yourself moving faster!
You feel mighty!
You hit Crazy Yiuf.
Crazy Yiuf is almost dead.
Crazy Yiuf hits you with a +2 quarterstaff of chaos!
You die...

#.#........................#
#.#.<############..........#
♣#♣#♣.♣#♣## #..........#
#.........# #####
#..........# ♣.♣.♣.♣.♣##
#..)# #..........# #..÷....#
#...# #..........# ♣.♣.♣.♣.♣
... #..........# #.......#
#g# #..........# ♣.♣.♣.♣.♣
♣♣@♣ #...######.# #.......#
♣.♣♣ #...# ####.# ♣.♣#♣.♣#♣
♣♣.♣ #...# #....# #......#
♣.♣♣ #...# #....#
♣.♣♣...#### ♣♣.♣♣ #...#
#..... ♣.♣♣......# ♣...♣♣
#...# #....# ♣♣♣.♣......#
♣....♣ #...# #....#
♣P..♣......# #....# #...#
#....# ♣♣.P♣......####..##
##### #....#


You could see Crazy Yiuf.

Vanquished Creatures
  A gnoll (D:1)
  3 adders (D:2)
  2 worms (D:2)
  A dart slug (D:1)
  6 ball pythons
  5 bats
  3 endoplasms
  A giant cockroach (D:2)
  6 goblins
  7 hobgoblins
  4 jackals (D:1)
  6 kobolds
  A quokka (D:2)
  3 frilled lizards
  4 rats
53 creatures vanquished.

Notes
Turn   | Place    | Note
-------+----------+-------------------------------------------
     0 | D:1      | bande the Gargoyle Fighter began the quest for the Orb.
     0 | D:1      | Reached XP level 1. HP: 14/14 MP: 1/1
   240 | D:1      | Reached skill level 4 in Armour
   240 | D:1      | Reached XP level 2. HP: 5/19 MP: 2/2
   515 | D:1      | Learned a level 1 spell: Apportation
   976 | D:1      | Reached XP level 3. HP: 22/23 MP: 3/3
  1631 | D:2      | Found a faded altar of an unknown god.
  2066 | D:2      | Reached XP level 4. HP: 24/28 MP: 4/4
  2515 | D:2      | Found a runed translucent door.
  2516 | D:2      | Noticed Crazy Yiuf
  2851 | D:2      | Slain by Crazy Yiuf

Illustrated notes

Levels and vault maps discovered:
D:1:      pf_arrival_petrified_forest, layout_basic, minmay_split_cup_small
D:2:      minmay_diamond_boxcup, layout_basic, chequers_ecumenical_altar_simple,
          serial_forest, infiniplex_forest_corner_1,
          infiniplex_forest_clump_diagonal, infiniplex_forest_zigzag_1,
          infiniplex_forest_straight_2, infiniplex_forest_clump_diagonal,
          infiniplex_forest_fountain, infiniplex_forest_corner_1,
          infiniplex_forest_zigzag_1, infiniplex_forest_lined_room_3,
          uniq_crazy_yiuf_cottage

Skill      XL: |  1  2  3 |
---------------+----------+-----
Armour         | 4 |  4.5
Axes           | 2 |  2.7
Fighting       | |  3.6
Shields        | |  3.4
Translocations | |  0.8

Action                   |  1- 3 |  4- 6 || total
-------------------------+-------+-------++-------
Melee: War axe           |   123 |    37 ||   160
  Use: Potion            |       |     2 ||     2
Armor: Scale mail        |    63 |    28 ||    91
Dodge: Dodged            |    67 |    28 ||    95
Block: Buckler           |    35 |    11 ||    46

Table legend: (Time is in decaauts)
 A = Elapsed time spent in this place.
 B = Non-inter-level travel time spent in this place.
 C = Inter-level travel time spent in this place.
 D = Time resting spent in this place.
 E = Time spent auto-exploring this place.
 F = Levels seen in this place.
 G = Mean time per level.
                   A        B        C        D        E       F      G
               +--------+--------+--------+--------+--------+-----+--------+
         Total |   2916 |   2916 |      0 |    854 |   1634 |   2 | 1458.0 |
       Dungeon |   2916 |   2916 |      0 |    854 |   1634 |   2 | 1458.0 |
               +--------+--------+--------+--------+--------+-----+--------+

Top non-repeatable levels by time:
     D:1: 1869 daAuts
     D:2: 1046 daAuts
